 Dungeon Crawl Stone Soup version 0.30-a0-845-g7c6808c8ce (webtiles) character file.

Game seed: 1901721036785297490

9789 greenreed the Eclecticist (level 11, -5/48 HPs)
             Began as a Spriggan Earth Elementalist on Mar 2, 2023.
             Was a Believer of Kikubaaqudgha.
             Shot with an arrow by a centaur warrior (27 damage)
             ... on level 11 of the Dungeon.
             The game lasted 00:27:32 (12782 turns).

greenreed the Eclecticist (SpEE)                   Turns: 12782, Time: 00:27:33

Health: -5/48      AC:  4    Str:  4    XL:     11   Next: 27%
Magic:  26/31      EV: 23    Int: 26    God:    Kikubaaqudgha [**....]
Gold:   468        SH:  0    Dex: 16    Spells: 26/41 levels left

rFire   . . .      SeeInvis +    z - +10 whip of Calamity {drain, Int+5}
rCold   + . .      Faith    .    (no shield)
rNeg    + . .      Spirit   .    d - +1 robe {rC+}
rPois   .          Reflect  .    (helmet restricted)
rElec   .          Rampage  .    I - +0 cloak
rCorr   .                        (gloves unavailable)
Will    +....                    (boots unavailable)
Stlth   +++                      (no amulet)
HPRegen 0.28/turn                D - ring of positive energy
MPRegen 0.22/turn                E - +5 ring of evasion

@: very quick
A: very small, no large weapons, unfitting armour, see invisible, speed 3
a: Renounce Religion, Unearth Wretches


You were on level 11 of the Dungeon.
You worshipped Kikubaaqudgha.
Kikubaaqudgha was pleased with you.
You visited 2 branches of the dungeon, and saw 12 of its levels.

You collected 624 gold pieces.
You spent 156 gold pieces at shops.

Inventory:

Hand Weapons
 z - the +10 whip of Calamity (weapon) {drain, Int+5}
   (You found it on level 6 of the Dungeon)

   Int:       It affects your intelligence (+5).
Missiles
 M - 2 throwing nets
Armour
 d - a +1 robe of cold resistance (worn)
 I - a +0 cloak (worn)
Magical Staves
 r - a staff of conjuration
Jewellery
 D - a ring of positive energy (left hand)
 E - a +5 ring of evasion (right hand)
 J - an amulet of reflection
Wands
 o - a wand of roots (9)
 w - a wand of light (10)
 y - a wand of paralysis (23)
 K - a wand of flame (13)
Scrolls
 a - 3 scrolls of identify
 f - 6 scrolls of enchant armour
 g - a scroll of silence
 h - 3 scrolls of butterflies
 i - 3 scrolls of magic mapping
 j - 3 scrolls of vulnerability
 k - 5 scrolls of poison
 p - 3 scrolls of blinking
 q - 3 scrolls of amnesia
 u - 2 scrolls of fear
 x - a scroll of brand weapon
 B - a scroll of fog
 F - 3 scrolls of teleportation
Potions
 b - a potion of magic
 c - a potion of berserk rage
 e - 4 potions of curing
 l - 2 potions of mutation
 m - 2 potions of lignification
 n - 3 potions of attraction
 s - 4 potions of haste {unknown}
 t - 2 potions of might {unknown}
 v - a potion of flight {unknown}
 A - 3 potions of heal wounds
 C - a potion of brilliance {unknown}
 G - a potion of resistance {unknown}
Miscellaneous
 H - a tin of tremorstones (2/2)
 L - a lightning rod (4/4)


   Skills:
 + Level 0.4 Fighting
 + Level 3.7 Dodging
 + Level 4.3 Stealth
 * Level 15.5 Spellcasting
 + Level 0.2 Conjurations
 + Level 2.1 Transmutations
 * Level 11.0 Earth Magic


You had 26 spell levels left.
You knew the following spells:

 Your Spells              Type           Power      Damage    Failure   Level
a - Sandblast             Erth           100%       2d20      1%          1
b - Passwall              Tmut/Erth      44%        N/A       1%          2
c - Stone Arrow           Conj/Erth      98%        3d13      1%          3
d - Lee's Rapid Deconstr  Erth           33%        3d17*     1%          5
e - Petrify               Tmut/Erth      53%        N/A       1%          4

Your spell library contained the following spells:

 Spells                   Type           Power      Damage    Failure   Level
 Freeze                   Ice            80%        1d9       2%          1
 Kiss of Death            Conj/Necr      80%        2d11      2%          1
 Necrotise                Necr           80%        1d8       2%          1
 Cigotuvi's Dreadful Rot  Necr/Pois/Air  40%        N/A       4%          2
 Ensorcelled Hibernation  Hex/Ice        40%        N/A       4%          2
 Spider Form              Tmut/Pois      25%        N/A       4%          3
 Confusing Touch          Hex            20%        N/A       8%          3
 Frozen Ramparts          Ice            40%        1d7       8%          3
 Hailstorm                Conj/Ice       20%        3d6       8%          3
 Kindle Blastsparks       Fire/Tloc/Air  40%        2d13      8%          3
 Portal Projectile        Hex/Tloc       40%        N/A       8%          3
 Tukima's Dance           Hex            20%        N/A       8%          3
 Vampiric Draining        Necr           20%        2d7       8%          3
 Fulminant Prism          Conj/Hex       10%        3d8       24%         4
 Iskenderun's Mystic Bla  Conj/Tloc      20%        2d6       24%         4
 Anguish                  Hex/Necr       10%        N/A       26%         4
 Animate Dead             Necr           20%        N/A       26%         4
 Dispel Undead            Necr           20%        3d11      26%         4
 Blade Hands              Tmut           15%        N/A       30%         5


Dungeon Overview and Level Annotations

Branches:
Dungeon (11/15)            Temple (1/1) D:5            Lair (0/5) D:8
    Orc (0/2) D:10

Altars:
Ashenzari
Cheibriados
Dithmenos
Elyvilon
Fedhas
Gozag
Hepliaklqana
Kikubaaqudgha
Makhleb
Nemelex Xobeh
Okawaru
Qazlal
Ru
Sif Muna
Trog
Uskayaw
Vehumet
Wu Jian
Xom
Yredelemnul
Zin
The Shining One

Shops:
D:7 ?   D:10 !   D:11 (

Annotations:
D:9 1 runed translucent door
D:11 Psyche


Innate Abilities, Weirdness & Mutations

You are very small and have problems with some larger weapons.
You are too small for most types of armour.
You have supernaturally acute eyesight. (SInv)
You cover ground extremely quickly. (Speed+++)


Message History

You destroy the vampire mosquito!
Kikubaaqudgha accepts your kill.
k - 5 scrolls of poison (gained 2)
Found a helmet.
i - 3 scrolls of magic mapping (gained 1)
F - 3 scrolls of teleportation (gained 1)
There is an open door here.
n - 3 potions of attraction (gained 1)
There is an open door here.
Found a falchion.
You open the door.
Found Ribosh's Weapon Boutique.
There is an open door here.
There is an entrance to Ribosh's Weapon Boutique here.
You open the door. You open the door.
There is an open door here.
Found a short sword.
You see here a +0 short sword.
A centaur warrior comes into view.
The centaur warrior wields a +0 shortbow.
The centaur warrior shoots an arrow.
The arrow hits you!
The centaur warrior shoots an arrow.
The arrow closely misses you.
You start resting.
The centaur warrior shoots an arrow.
The arrow hits you!
Casting: Sandblast (safe; 1% risk of failure)
Confirm with . or Enter, or press ? or * to list all spells.
Aiming: Lee's Rapid Deconstruction (dangerous; 1% risk of failure)
Press: ? - help, Dir - move target A rock wall.
The wall shatters!
The blast of rock fragments hits the centaur warrior!!
The centaur warrior is moderately wounded.
The centaur warrior shoots an arrow.
The arrow hits you!!
* * * LOW HITPOINT WARNING * * *
The centaur warrior shoots an arrow.
The arrow completely misses you.
You feel much better.
The centaur warrior shoots an arrow.
The arrow hits you!!
Ouch! That really hurt!
You die...
Kikubaaqudgha rasps: "You have failed me!
Welcome... death!"

#..# #..# ..)... #..#
#..# ....## #c.# #..# #
#..# #..# #.^# #..#
#..# #..# # #..# #..#
#. #.c#####..#####.
#.....@.........#######
#......................
#......................
#......#########.......
###......# #.......
#.......## #.......
#.......# #.......
#.......# #....[..
#.......# #.......


You could see a centaur warrior.

Vanquished Creatures
  Snorg (D:11)
  2 two-headed ogres
  Pikel (D:7)
  A cyclops (D:11)
  A gargoyle (D:8)
  3 trolls
  Sigmund (D:2)
  15 yaks
  A basilisk (D:11)
  A steam dragon (D:10)
  A vampire mosquito (D:11)
  An acid dragon (D:9)
  Duvessa (D:5)
  A water moccasin (D:7)
  An ice beast (D:6)
  An orc warrior (D:10)
  2 sky beasts (D:8)
  2 black bears
  An ogre (D:6)
  A phantom (D:5)
  A centaur (D:9)
  3 lemures (D:7)
  3 kobold brigands
  3 necrophages (D:4)
  A scorpion (D:7)
  4 bullfrogs
  2 water moccasin zombies (D:4)
  Dowan (D:5)
  9 wights
  A killer bee (D:7)
  An electric eel (D:9)
  A howler monkey (D:11)
  An orc priest (D:3)
  Crazy Yiuf (D:6)
  4 hounds
  A human zombie (D:4)
  A jelly (D:6)
  Terence (D:2)
  9 orc wizards
  An iguana (D:6)
  A scorpion zombie (D:4)
  2 sleepcaps
  2 hound zombies (D:4)
  A mummy (D:4)
  Robin (D:2)
  6 gnolls
  11 adders
  A white imp (D:7)
  An ufetubus (D:6)
  4 dart slugs
  20 orcs
  5 bats
  6 endoplasms
  A giant cockroach (D:1)
  18 goblins
  6 hobgoblins
  7 jackals
  31 kobolds
  A quokka (D:5)
  9 ball pythons
  2 frilled lizards (D:1)
  A quokka zombie (D:4)
  7 rats
232 creatures vanquished.

Notes
Turn   | Place    | Note
-------+----------+-------------------------------------------
     0 | D:1      | greenreed the Spriggan Earth Elementalist began the quest
                  | for the Orb.
     0 | D:1      | Reached XP level 1. HP: 9/9 MP: 5/5
   226 | D:1      | Reached XP level 2. HP: 13/13 MP: 3/6
   519 | D:1      | Reached skill level 3 in Spellcasting
   893 | D:1      | Reached XP level 3. HP: 16/16 MP: 5/8
  1224 | D:2      | Noticed Terence
  1413 | D:2      | Killed Terence
  1414 | D:2      | Reached XP level 4. HP: 16/21 MP: 1/10
  1579 | D:2      | Noticed Robin
  1591 | D:2      | Killed Robin
  1742 | D:2      | Noticed Sigmund
  2009 | D:2      | Killed Sigmund
  2010 | D:2      | Reached skill level 5 in Spellcasting
  2010 | D:2      | Reached XP level 5. HP: 15/24 MP: 4/13
  2278 | D:3      | Reached XP level 6. HP: 28/28 MP: 13/15
  2502 | D:3      | Found a runed translucent door.
  2503 | D:3      | Noticed Crazy Yiuf
  2764 | D:3      | Reached skill level 5 in Earth Magic
  3249 | D:3      | Reached skill level 6 in Spellcasting
  3436 | D:4      | Found a shadowy altar of Dithmenos.
  3524 | D:4      | Reached XP level 7. HP: 31/32 MP: 14/18
  3636 | D:4      | Learned a level 2 spell: Passwall
  3697 | D:4      | Reached skill level 7 in Spellcasting
  4046 | D:4      | Reached skill level 8 in Spellcasting
  4194 | D:4      | Reached XP level 8. HP: 37/37 MP: 17/21
  4255 | D:4      | Reached skill level 9 in Spellcasting
  4287 | D:4      | Found an ancient bone altar of Kikubaaqudgha.
  4297 | D:4      | Became a worshipper of Kikubaaqudgha
  4422 | D:4      | Found a bloodstained altar of Trog.
  4707 | D:5      | Entered Level 5 of the Dungeon
  4987 | D:5      | Found a staircase to the Ecumenical Temple.
  4996 | Temple   | Entered the Ecumenical Temple
  5200 | D:5      | Noticed Dowan
  5202 | D:5      | Noticed Duvessa
  5380 | D:4      | Learned a level 3 spell: Stone Arrow
  5955 | D:5      | Killed Dowan
  6093 | D:5      | Killed Duvessa
  6094 | D:5      | Reached skill level 10 in Spellcasting
  6286 | D:6      | Killed Crazy Yiuf
  6361 | D:6      | Identified the +10 whip of Calamity {drain, Int+5}
  6638 | D:6      | Found a hazy altar of Hepliaklqana.
  6658 | D:6      | Found a white marble altar of Elyvilon.
  6691 | D:6      | Reached skill level 11 in Spellcasting
  6867 | D:6      | Found a burning altar of Makhleb.
  6870 | D:6      | Reached XP level 9. HP: 40/40 MP: 22/25
  7275 | D:7      | Noticed Pikel
  7298 | D:7      | Killed Pikel
  7436 | D:7      | Reached * piety under Kikubaaqudgha
  7436 | D:7      | Received a gift from Kikubaaqudgha
  7645 | D:7      | Found an ornate altar of the Wu Jian Council.
  7992 | D:7      | Found Noibyt's Magic Scroll Shop.
  7995 | D:7      | Reached skill level 12 in Spellcasting
  8021 | D:7      | Bought a scroll of identify for 24 gold pieces
  8021 | D:7      | Bought a scroll of identify for 24 gold pieces
  8021 | D:7      | Bought a scroll of teleportation for 36 gold pieces
  8504 | D:8      | Noticed a gargoyle
  8654 | D:8      | Found a staircase to the Lair.
  8973 | D:8      | Learned a level 5 spell: Lee's Rapid Deconstruction
  8978 | D:8      | Learned a level 4 spell: Petrify
  9156 | D:8      | Killed a gargoyle
  9186 | D:8      | Found a hide-covered altar of Uskayaw.
  9359 | D:8      | Found a glowing silver altar of Zin.
  9368 | D:8      | Reached skill level 13 in Spellcasting
  9368 | D:8      | Reached XP level 10. HP: 44/44 MP: 24/28
  9385 | D:8      | Found an iron altar of Okawaru.
  9835 | D:9      | Noticed a two-headed ogre
  9842 | D:9      | Killed a two-headed ogre
  9992 | D:9      | Found a shimmering altar of Xom.
 10084 | D:9      | Reached skill level 14 in Spellcasting
 10092 | D:9      | Reached ** piety under Kikubaaqudgha
 10436 | D:9      | Found a stormy altar of Qazlal.
 10582 | D:9      | Found a broken altar of Ashenzari.
 10583 | D:9      | Found a snail-covered altar of Cheibriados.
 10607 | D:9      | Found a sacrificial altar of Ru.
 10631 | D:9      | Reached skill level 10 in Earth Magic
 10834 | D:9      | Noticed a boulder beetle
 10834 | D:9      | Noticed an ogre mage
 10834 | D:9      | Noticed a manticore
 10835 | D:9      | Found a runed translucent door.
 10837 | D:9      | Noticed a rakshasa
 10837 | D:9      | Noticed a centaur warrior
 10910 | D:10     | Entered Level 10 of the Dungeon
 10962 | D:10     | Found Ilenelum's Distillery.
 10967 | D:10     | Bought a potion of heal wounds for 60 gold pieces
 10967 | D:10     | Bought a potion of degeneration for 12 gold pieces
 11075 | D:10     | Found a staircase to the Orcish Mines.
 11342 | D:10     | Noticed a two-headed ogre
 11351 | D:10     | Killed a two-headed ogre
 11352 | D:10     | Reached XP level 11. HP: 48/48 MP: 11/30
 11525 | D:10     | Reached skill level 15 in Spellcasting
 11993 | D:11     | Noticed Snorg
 12497 | D:11     | Killed Snorg
 12499 | D:11     | Noticed Psyche
 12739 | D:11     | Found Ribosh's Weapon Boutique.
 12770 | D:11     | Noticed a centaur warrior
 12782 | D:11     | Shot with an arrow by a centaur warrior

Illustrated notes

Levels and vault maps discovered:
D:1:      minmay_arrival_plants_in_alcoves, layout_loops_corners
D:2:      layout_rooms, uniq_robin, uniq_sigmund, uniq_terence
D:3:      corexii_shack_village, layout_basic, nrook_uturn,
          grunt_decor_junction, uniq_crazy_yiuf_cottage
D:4:      layout_cave_pools, lightli_temple_of_fire,
          nicolae_dithmenos_the_darkroom, lemuel_mausoleum_altar_kikubaaqudgha,
          chequers_decorated_corner
D:5:      layout_loops_corners, lemuel_temple_firewalk_b, uniq_duvessa
D:6:      layout_gridville, nzn_hepliaklqana_mist_gate, elyvilon_altar_5,
          makhleb_heckhound_becter
D:7:      layout_loops_corners, nicolae_wu_jian_wuxing_cycle, serial_shops,
          shop, nicolae_fountain_basement, uniq_pikel
D:8:      layout_basic, overflow_temple_1_default, nicolae_uskayaw_dance_studio,
          okawaru_gym_becter, lair_entry_dummy, nicolae_figureground_sparkle
D:9:      minmay_gate_of_8, layout_basic,
          mainiacjoe_overflow_concentric_impassable, nicolae_ru_awakened_eye,
          grunt_temple_overflow_open, mainiacjoe_overflow_tiny_flanked
D:10:     layout_grid_maze, orc_0_dummy, serial_shops, kennysheep_little_box
D:11:     layout_irregular_city, serial_shops, nicolae_shop_behind_doors,
          grunt_qazlal_clouds, uniq_psyche, uniq_snorg
Temple:   hellmonk_temple_beads

Skill      XL: |  1  2  3  4  5  6  7  8  9 10 11 |
---------------+----------------------------------+-----
Earth Magic    | 3 4 5 6 8 10 11 | 11.0
Spellcasting   | 3 5 6 8 11 13 14 15 | 15.5
Dodging        | 3 |  3.7
Stealth        | 4 |  4.3
Transmutations | 2 |  2.1
Fighting       | |  0.4
Conjurations   | |  0.2

Action                     |  1- 3 |  4- 6 |  7- 9 | 10-12 || total
---------------------------+-------+-------+-------+-------++-------
   Cast: Sandblast         |    55 |    99 |   202 |    57 ||   413
         Stone Arrow       |       |       |    20 |     1 ||    21
         Lee's Rapid Decon |       |       |     1 |    38 ||    39
         Petrify           |       |       |       |    16 ||    16
    Use: Scroll            |       |       |    16 |       ||    16
         Potion            |       |       |       |     1 ||     1
 Armour: Robe              |     6 |     4 |     9 |     3 ||    22
  Dodge: Dodged            |    18 |    33 |    73 |    27 ||   151

Table legend: (Time is in decaauts)
 A = Elapsed time spent in this place.
 B = Non-inter-level travel time spent in this place.
 C = Inter-level travel time spent in this place.
 D = Time resting spent in this place.
 E = Time spent auto-exploring this place.
 F = Levels seen in this place.
 G = Mean time per level.
                   A        B        C        D        E       F      G
               +--------+--------+--------+--------+--------+-----+--------+
         Total |   9810 |   9215 |    595 |    830 |   6895 |  12 |  817.5 |
       Dungeon |   9743 |   9154 |    589 |    830 |   6840 |  11 |  885.7 |
        Temple |     67 |     61 |      6 |      0 |     55 |   1 |   67.0 |
               +--------+--------+--------+--------+--------+-----+--------+

Top non-repeatable levels by time:
     D:4: 1165 daAuts
     D:1: 1118 daAuts
    D:10: 1051 daAuts
     D:3: 962 daAuts
     D:9: 930 daAuts
     D:7: 919 daAuts
     D:5: 906 daAuts
     D:8: 896 daAuts
     D:6: 815 daAuts
     D:2: 623 daAuts
    D:11: 353 daAuts
  Temple: 67 daAuts
